 Dungeon Crawl Stone Soup version 0.28-a0-519-gbfeecf2fc5 (webtiles) character file.

Game seed: 915827179058187847

262 speeev33 the Skirmisher (level 6, -2/40 HPs)
             Began as a Gargoyle Fighter on Sept 23, 2021.
             Slain by an ice beast (14 damage)
             ... on level 4 of the Dungeon.
             The game lasted 00:04:58 (4272 turns).

speeev33 the Skirmisher (Gargoyle Fighter)          Turns: 4272, Time: 00:04:59

Health: -2/40      AC: 17    Str: 21    XL:     6   Next: 18%
Magic:  6/6        EV:  6    Int:  9    God:
Gold:   91         SH:  4    Dex:  9    Spells: 5/5 levels left

rFire   . . .      SeeInvis .   b - +0 whip (venom)
rCold   . . .      Faith    .   c - +0 buckler
rNeg    + . .      Spirit   .   k - +0 plate armour
rPois   ∞          Reflect  .   (no helmet)
rElec   +          Harm     .   (no cloak)
rCorr   .          Rampage  .   (no gloves)
Will    .....                   j - +0 pair of boots
Stlth   ..........              (no amulet)
HPRegen 0.13/turn               (no ring)
MPRegen 0.10/turn               (no ring)

@: no status effects
A: sickness immunity, AC +4, negative energy resistance 1, electricity
resistance, torment resistance 1, petrification resistance
a: no special abilities


You were on level 4 of the Dungeon.
You visited 1 branch of the dungeon, and saw 4 of its levels.

You collected 91 gold pieces.

Inventory:

Hand Weapons
 a - a +0 flail
 b - a +0 whip of venom (weapon)
Armour
 c - a +0 buckler (worn)
 j - a +0 pair of boots (worn)
 k - a +0 plate armour (worn)
Wands
 d - a wand of paralysis (12)
Scrolls
 f - 2 scrolls of teleportation
Potions
 e - 4 potions of invisibility
 g - 2 potions of attraction
 h - a potion of haste {unknown}
 i - a potion of mutation {unknown}
 l - a potion of degeneration {unknown}


   Skills:
 + Level 4.8 Fighting
 + Level 3.8 Maces & Flails
 + Level 4.8 Armour
 - Level 4.0 Shields


You had 5 spell levels left.
You didn't know any spells.
Your spell library was empty.

Dungeon Overview and Level Annotations

Branches:
Dungeon (4/15)
 Temple: D:4-7

Altars:
Trog
Xom

Shops:
D:2 (


Innate Abilities, Weirdness & Mutations

You are immune to sickness and miasma.
Your stone body is resilient. (AC +4)
You are immune to poison.
You resist negative energy. (rN+)
You are resistant to electric shocks. (rElec)
You are resistant to unholy torment.
You are immune to petrification.


Message History

You climb downwards.
The ice beast hits you. The ice beast freezes you!
There is a stone staircase leading up here.
You are too injured to fight recklessly!
You are too injured to fight recklessly!
You are too injured to fight recklessly!
You are too injured to fight recklessly!
Sorry, you're not good enough to have a special ability.
You hit the ice beast.
The ice beast is poisoned.
The ice beast is lightly wounded.
The ice beast hits you but does no damage.
You hit the ice beast but do no damage.
The ice beast is lightly wounded.
The ice beast barely misses you.
Okay, then.
You hit the ice beast but do no damage.
The ice beast is lightly wounded.
The ice beast barely misses you.
You hit the ice beast.
The ice beast is moderately wounded.
The ice beast closely misses you.
You hit the ice beast.
The ice beast looks even sicker.
The ice beast is moderately wounded.
The ice beast hits you but does no damage.
You closely miss the ice beast.
The ice beast is moderately wounded.
The ice beast hits you but does no damage.
You closely miss the ice beast.
The ice beast is moderately wounded.
You closely miss the ice beast.
The ice beast is moderately wounded.
The ice beast hits you but does no damage.
You hit the ice beast but do no damage.
The ice beast is heavily wounded.
The ice beast hits you. The ice beast freezes you!
Your plate armour prevents you from hitting the ice beast.
The ice beast is heavily wounded.
The ice beast hits you.
* * * LOW HITPOINT WARNING * * *
The ice beast freezes you!
You die...

##### #.# #.. ###...#
#.####.###.# .g....#
#.....)....# #.Y.g.#
######.###.# #<#........
#### #######.###.#
#.......... ...
#)........(.# ##[######.#
##.###.#.####..##### #.#
# ##...##.#.# #.## #.#
#.###..Y@.#.#.# #.# #.#
##...........#.# #.# #..
###...##...[.#.#.# #.# ..
..............#.####.####
#...###..##............#
##.##..............†##.#
#...........#.###..# #
..# ....##.#........#
#..#
.....#####.##.#######
#....


You could see an ice beast (very poisoned).

Vanquished Creatures
  A gnoll shaman (D:4)
  An orc priest (D:4)
  An orc wizard (D:4)
  5 gnolls
  4 adders
  2 ufetubi
  A worm (D:2)
  3 dart slugs
  9 orcs
  5 bats
  6 endoplasms
  2 giant cockroaches (D:1)
  3 goblins
  7 hobgoblins
  2 jackals (D:1)
  2 quokkas
  5 ball pythons
  6 frilled lizards
  7 kobolds
  2 rats
74 creatures vanquished.

Vanquished Creatures (others)
  3 plants (D:3)
3 creatures vanquished.

Grand Total: 77 creatures vanquished

Notes
Turn   | Place    | Note
-------+----------+-------------------------------------------
     0 | D:1      | speeev33 the Gargoyle Fighter began the quest for the Orb.
     0 | D:1      | Reached XP level 1. HP: 14/14 MP: 1/1
   102 | D:1      | Reached XP level 2. HP: 19/19 MP: 2/2
   355 | D:1      | Found a faded altar of an unknown god.
   882 | D:1      | Reached XP level 3. HP: 23/23 MP: 3/3
  1268 | D:2      | Found Hiptoqoe's Antique Weapon Emporium.
  1840 | D:2      | Reached XP level 4. HP: 29/29 MP: 4/4
  2279 | D:2      | HP: 1/29 [ball python (1)]
  2753 | D:3      | Found a shimmering altar of Xom.
  2859 | D:3      | Reached XP level 5. HP: 29/33 MP: 5/5
  3302 | D:3      | Found a bloodstained altar of Trog.
  3584 | D:4      | Noticed an ice beast
  3928 | D:4      | Reached XP level 6. HP: 10/39 MP: 6/6
  4272 | D:4      | Slain by an ice beast

Illustrated notes

Levels and vault maps discovered:
D:1:      psy_arrival_radial02, layout_basic, chequers_ecumenical_altar_simple,
          serial_aquarium, aquarium_bridge_long_joined
          [aquarium_subvault_window, aquarium_subvault_bridge,
          aquarium_subvault_balcony, aquarium_subvault_bridge,
          aquarium_subvault_window, aquarium_subvault_window],
          aquarium_bridge_island_small [aquarium_subvault_small_open,
          aquarium_subvault_wall, aquarium_subvault_window,
          aquarium_subvault_bridge, aquarium_subvault_bridge],
          aquarium_window_2, aquarium_window_2, aquarium_window_1,
          aquarium_window_fake, aquarium_view_4, aquarium_view_2e
D:2:      layout_rooms, serial_shops, shop
D:3:      layout_loops_ring, lemuel_crystal_altar,
          mainiacjoe_overflow_cross_hatched, minmay_crystal_water,
          kennysheep_crisscross
D:4:      layout_loops_ring, minmay_misc_feat_roman

Skill      XL: |  1  2  3  4 |
---------------+-------------+-----
Fighting       | 4 |  4.8
Shields        | 4 |  4.0
Armour         | 4 |  4.8
Maces & Flails | 3 |  3.8

Action                   |  1- 3 |  4- 6 || total
-------------------------+-------+-------++-------
Melee: Flail             |   107 |    90 ||   197
       Whip              |       |    63 ||    63
  Use: Scroll            |     2 |     4 ||     6
       Potion            |       |     1 ||     1
Armor: Scale mail        |    78 |    42 ||   120
       Plate armour      |       |    62 ||    62
Dodge: Dodged            |    54 |    56 ||   110
Block: Buckler           |    39 |    40 ||    79

Table legend: (Time is in decaauts)
 A = Elapsed time spent in this place.
 B = Non-inter-level travel time spent in this place.
 C = Inter-level travel time spent in this place.
 D = Time resting spent in this place.
 E = Time spent auto-exploring this place.
 F = Levels seen in this place.
 G = Mean time per level.
                   A        B        C        D        E       F      G
               +--------+--------+--------+--------+--------+-----+--------+
         Total |   4328 |   4141 |    187 |   1252 |   2202 |   4 | 1082.0 |
       Dungeon |   4328 |   4141 |    187 |   1252 |   2202 |   4 | 1082.0 |
               +--------+--------+--------+--------+--------+-----+--------+

Top non-repeatable levels by time:
     D:3: 1441 daAuts
     D:1: 1437 daAuts
     D:2: 1279 daAuts
     D:4: 169 daAuts
